Map: [ESL] Tropical Sacrifice

Players

HeroMarine - Winner!

  • Race: Terran Terran
  • Spawn Location: 1:00

AqueroN

  • Race: Terran Terran
  • Spawn Location: 7:00

Event: DreamHack SC2 Masters 2022 Atlanta (Online)

VOD

Have the link to the VOD?

Description

Time

  • Played on: Oct. 7, 2022, 1:24 p.m.
  • Length: 6:50

All games in this series

Show
View Real Time Build Order
Export as new Build Order

HeroMarine Terran - Winner!

Build Orders: Hellion Banshee 

Get SALT Encoding   

  12  0:00  SCV  
  13  0:12  SCV  
  14  0:17  Supply Depot  
  14  0:24  SCV  
  15  0:39  SCV, Barracks  
  16  0:44  Refinery  
  16  0:51  SCV  
  16  0:53  Refinery  
  17  1:03  SCV  
  18  1:15  SCV  
  19  1:27  Reaper, Orbital Command  
  19  1:31  Supply Depot  
  20  1:44  Factory  
  20  1:53  SCV  
  21  1:59  Reaper  
  22  2:05  SCV  
  23  2:17  SCV  
  24  2:23  Command Center  
  24  2:29  Hellion  
  26  2:31  Reaper  
  26  2:34  SCV  
  28  2:38  Supply Depot  
  28  2:47  SCV  
  28  2:50  Hellion  
  31  2:56  Starport  
  31  3:01  SCV  
  33  3:07  Barracks Tech Lab  
  33  3:12  Hellion  
  34  3:13  SCV  
  35  3:25  SCV  
  36  3:33  Barracks Reactor, Factory Tech Lab  
  36  3:37  SCV  
  36  3:40  Banshee  
  36  3:41  Hellion  
  42  3:45  Marine  
  38  3:49  SCV  
  34  4:01  SCV  
  34  4:02  Hellion  
  30  4:03  Marine  
  30  4:07  Orbital Command  
  23  4:14  SCV  
  23  4:21  Marine  
  23  4:24  Hellion  
  23  4:26  SCV  
  22  4:34  SCV  
  22  4:38  SCV, Raven  
  24  4:40  Marine  
  27  4:47  Hellion  
  27  4:50  SCV  
  30  4:53  SCV  
  30  4:58  Marine  
  32  5:03  SCV  
  32  5:05  SCV  
  34  5:13  Hellion  
  36  5:16  Barracks Reactor, SCV  
  36  5:17  SCV  
  38  5:28  SCV  
  38  5:29  SCV  
  38  5:30  Raven  
  42  5:40  SCV  
  42  5:41  SCV  
  44  5:44  Factory Tech Lab  
  44  5:52  Refinery, SCV  
  44  5:53  SCV  
  44  5:54  Supply Depot  
  46  6:00  Marine x2  
  48  6:05  SCV x2  
  53  6:11  Siege Tank  
  53  6:17  SCV x2  
  57  6:22  Marine  
  57  6:23  Supply Depot, Marine  
  59  6:29  SCV x2  
  66  6:47  Supply Depot  
Show
View Real Time Build Order
Export as new Build Order

AqueroN Terran 

Build Orders:  

Get SALT Encoding   

  12  0:00  SCV  
  13  0:12  SCV  
  14  0:18  Supply Depot  
  14  0:24  SCV  
  15  0:40  SCV  
  15  0:41  Barracks  
  16  0:47  Refinery  
  16  1:01  Barracks  
  16  1:15  Barracks  
  16  1:21  SCV  
  17  1:30  Reaper  
  18  1:37  Supply Depot  
  18  1:42  Refinery  
  18  1:48  Reaper  
  19  2:06  Reaper  
  20  2:10  Orbital Command  
  21  2:15  Reaper  
  21  2:24  Reaper  
  22  2:36  SCV  
  23  2:38  Reaper  
  24  2:47  Reaper  
  24  2:48  SCV  
  26  2:53  Supply Depot  
  26  2:57  Reaper  
  27  3:04  SCV  
  28  3:10  Reaper  
  29  3:17  SCV  
  31  3:20  Reaper  
  31  3:27  Supply Depot  
  31  3:29  Reaper, SCV  
  33  3:41  SCV  
  33  3:43  Reaper  
  35  3:52  Reaper  
  35  4:02  Marine  
  34  4:05  SCV  
  34  4:08  Factory  
  32  4:14  Marine  
  30  4:18  SCV  
  30  4:19  Marine  
  30  4:23  Marine  
  33  4:30  SCV  
  33  4:32  Marine  
  33  4:37  Marine  
  33  4:41  Marine  
  33  4:42  SCV  
  35  4:50  Marine  
  35  4:53  Factory Tech Lab  
  35  4:54  SCV  
  35  4:55  Marine  
  35  4:59  Marine  
  38  5:08  Marine  
  38  5:12  Cyclone  
  38  5:13  SCV, Marine  
  40  5:17  Marine  
  38  5:25  SCV  
  38  5:26  Marine  
  37  5:31  Marine  
  32  5:44  Cyclone  
  36  5:51  Marine x2  
  36  5:53  Marine  
  38  6:04  Supply Depot  
  38  6:09  Marine x2  
  38  6:11  Marine  
  41  6:16  Cyclone  
  44  6:26  Marine x2  
  44  6:28  Marine  
  44  6:33  SCV  
Tags
 
Add a new tag
Caveats
  • Supply blocks, unpowered buildings, or Contaminate may cause inaccurate times.
  • Supply counts are checked every 10 seconds.